 Dungeon Crawl Stone Soup version 0.15-a0-717-ga3c592f (webtiles) character file.

82 PolkaDot the Insei (level 4, 0/31 HPs)
             Began as a Vampire Transmuter on May 10, 2014.
             Slain by an orc
             ... wielding a +1,+2 mace
              (4 damage)
             ... on Level 4 of the Dungeon.
             The game lasted 00:06:20 (1429 turns).

PolkaDot the Insei (Vampire Transmuter)             Turns: 1429, Time: 00:06:21

HP   0/31        AC  3     Str  9      XL: 4   Next: 21%
MP   6/7         EV 12     Int 15      God:
Gold 89          SH  0     Dex 15      Spells:  1 memorised,  6 levels left

rFire  . . .     SeeInvis +       - Unarmed
rCold  . . .     Clarity  .     c - +1 robe
rNeg   . . .     Conserve .     (no shield)
rPois  .         rCorr    .     (helmet restricted)
rElec  .         rRot     .     (no cloak)
SustAb . .       Spirit   .     (no gloves)
rMut   .         Warding  .     (no boots)
Gourm  .         Rnd*Tele +     (no amulet)
MR     .....                    (no ring)
                                k - cursed ring of teleportation

@: appendage, regenerating quickly, not resistant to hostile enchantments, very
unstealthy
A: fangs 3, horns 2, see invisible, unbreathing
a: End Transformation, Evoke Teleportation


You were on level 4 of the Dungeon.
You were very full.
You had grown temporary horns.
You visited 1 branch of the dungeon, and saw 4 of its levels.

You collected 89 gold pieces.

Inventory:

Missiles
 b - 12 arrows
Armour
 c - a +1 robe (worn)
Scrolls
 e - a scroll of identify
Jewellery
 k - a cursed ring of teleportation (left hand)
Potions
 f - a potion of brilliance
 h - a potion of might {unknown}
 i - a potion of agility
 l - a potion of heal wounds {unknown}
Books
 d - a book of Changes

   Spells                             Type                      Level
   *Beastly Appendage                 Transmutation                1
   Sticks to Snakes                   Transmutation                2
   Spider Form                        Transmutation/Poison         3
   Ice Form                           Ice/Transmutation            4
   Blade Hands                        Transmutation                5


   Skills:
 - Level 0.8 Fighting
 - Level 2.1 Dodging
 * Level 5.5 Unarmed Combat
 - Level 2.0 Spellcasting
 - Level 2.1 Transmutations


You had 6 spell levels left.
You knew the following spells:

 Your Spells              Type           Power        Failure   Level  Hunger
a - Beastly Appendage     Trmt           #.....       12%         1    #......


Dungeon Overview and Level Annotations

Branches:
Dungeon (4/15)
 Temple: D:4-7

Altars:
Ashenzari
Xom


Innate Abilities, Weirdness & Mutations

Your natural rate of healing is unusually fast.
You have razor-sharp teeth.*
You have supernaturally acute eyesight.
You can survive without breathing.*
You have a pair of horns on your head.*


Message History

The orc wizard shouts!
Found a war axe.
Found an escape hatch in the ceiling.
An orc comes into view. It is wielding a mace.
Casting: Beastly Appendage
Confirm with . or Enter, or press ? or * to list all spells.
You grow a pair of large bovine horns.
The orc hits you with a mace! The goblin closely misses you.
You barely miss the orc wizard.
The orc wizard mumbles some strange words.
The orc wizard seems to speed up.
The orc barely misses you.
You closely miss the orc wizard.
You headbutt the orc wizard, but do no damage.
The orc wizard points at you and mumbles some strange words.
The magic dart hits you!
* * * LOW HITPOINT WARNING * * *
The goblin hits you with a club.
* * * LOW HITPOINT WARNING * * *
The orc wizard hits you but does no damage.
The orc hits you with a mace.
You die...

##### #...# ###
###...#
##...#.....##..
.........).......
#..og# #.o@##
........<..#
####.##...# #.
#...# #. #...# #
#...# #...# ##.##
.


You could see an orc wizard, an orc and a goblin.

Vanquished Creatures
  3 adders
  A worm (D:2)
  A giant gecko (D:1)
  5 orcs (D:4)
  A giant cockroach (D:1)
  4 goblins
  4 hobgoblins (D:1)
  6 jackals
  6 kobolds
  8 bats
  2 giant newts (D:1)
  A rat (D:3)
42 creatures vanquished.

Notes
Turn   | Place    | Note
--------------------------------------------------------------
     0 | D:1      | PolkaDot, the Vampire Transmuter, began the quest for the Orb.
     0 | D:1      | Reached XP level 1. HP: 14/14 MP: 3/3
    80 | D:1      | Learned a level 1 spell: Beastly Appendage
   177 | D:1      | Reached XP level 2. HP: 14/20 MP: 4/4
   180 | D:1      | Reached skill level 4 in Unarmed Combat
   777 | D:2      | Reached XP level 3. HP: 23/25 MP: 6/6
  1036 | D:2      | Found a shimmering altar of Xom.
  1043 | D:2      | Found a shattered altar of Ashenzari.
  1104 | D:2      | Reached skill level 5 in Unarmed Combat
  1338 | D:3      | Reached XP level 4. HP: 17/31 MP: 5/7
  1429 | D:4      | Slain by an orc

Action                   |  1- 3 |  4- 6 || total
-------------------------+-------+-------++-------
Melee: Unarmed           |   146 |    12 ||   158
 Cast: Beastly Appendage |     4 |     3 ||     7
  Use: Potion            |     1 |     1 ||     2
       Scroll            |       |     4 ||     4
 Stab: Sleeping          |     1 |       ||     1
